 Dungeon Crawl Stone Soup version 0.31-a0-876-gfe8ebadbca (webtiles) character file.

Game seed: 1996016606234136337

18395 BinkBink the Basher (level 12, 0/110 HPs)
             Began as an Armataur Fighter on Oct 14, 2023.
             Was a High Priest of Okawaru.
             Slain by Jorgrun
             ... wielding a +0 heavy quarterstaff
              (23 damage)
             ... on level 12 of the Dungeon.
             The game lasted 00:20:14 (12238 turns).

BinkBink the Basher (Armataur Fighter)             Turns: 12238, Time: 00:20:16

Health: 0/110      AC: 20    Str: 25    XL:     12   Next: 27%
Magic:  0/12       EV:  4    Int:  9    God:    Okawaru [*****.]
Gold:   721        SH:  6    Dex: 11    Spells: 11/11 levels left

rFire   + . .        f - +10 morningstar "Eos" {elec, Halo rElec}
rCold   . . .        c - +0 buckler
rNeg    . . .        o - +2 chain mail {rPois}
rPois   +            G - +0 helmet
rElec   +            (no cloak)
rCorr   .            D - +0 pair of gloves
SInv    .            (no barding)
Will    .....        B - amulet of guardian spirit Stlth
                     n - +4 ring of protection
HPRegen 0.38/turn    q - ring of protection from fire
MPRegen 0.13/turn

%: guardian spirit, roll
@: grasped by roots, glowing, constricted, studying Conjurations
A: large, rugged brown scales 3, deformed body, armoured tail, roll, long
tongue, awkward tongue
a: Renounce Religion, Heroism, Finesse, Duel


You were on level 12 of the Dungeon.
You worshipped Okawaru.
Okawaru was extremely pleased with you.
You visited 2 branches of the dungeon, and saw 13 of its levels.
You also visited: Sewer.

You collected 941 gold pieces.
You spent 220 gold pieces at shops.

Inventory:

Hand Weapons
 f - the +10 morningstar "Eos" (weapon) {elec, Halo rElec}
   (You found it on level 7 of the Dungeon)

   Halo:      It grants its wielder a halo, revealing invisible creatures and
   increasing accuracy against all within it other than the wielder.
   rElec:     It insulates you from electricity.
 h - a +4 spectral club
 F - a +2 whip of distortion
 I - a +6 heavy flail
Missiles
 b - 2 throwing nets
Armour
 c - a +0 buckler (worn)
 o - a +2 chain mail of poison resistance (worn)
 D - a +0 pair of gloves (worn)
 G - a +0 helmet (worn)
Jewellery
 n - a +4 ring of protection (left hand)
 q - a ring of protection from fire (right hand)
 B - an amulet of guardian spirit (around neck)
 K - an amulet of magic regeneration
Wands
 a - a wand of flame (60)
 s - a wand of digging (8)
 E - a wand of roots (4)
 L - a wand of polymorph (8)
Scrolls
 j - 2 scrolls of fog
 k - a scroll of poison
 r - 8 scrolls of amnesia
 t - 2 scrolls of enchant weapon
 u - a scroll of immolation {unknown}
 w - 2 scrolls of fear
 y - a scroll of teleportation
 z - 2 scrolls of identify
 J - a scroll of revelation
Potions
 d - 2 potions of might
 e - 2 potions of curing
 g - a potion of cancellation {unknown}
 i - 3 potions of magic {unknown}
 l - 6 potions of brilliance
 m - 6 potions of heal wounds
 v - a potion of ambrosia {unknown}
 x - a potion of resistance {unknown}
 A - 3 potions of lignification {unknown}
 C - a potion of invisibility {unknown}
 H - 3 potions of mutation {unknown}


   Skills:
 + Level 8.9 Fighting
 * Level 12.0 Maces & Flails
 + Level 11.5 Armour
 + Level 10.7 Shields


You had 11 spell levels left.
You didn't know any spells.
Your spell library contained the following spells:

 Spells                   Type           Power      Damage    Failure   Level
 Slow                     Hex            0%         N/A       87%         1
 Sting                    Tmut/Pois      0%         1d3       87%         1
 Poisonous Vapours        Pois/Air       0%         N/A       95%         2
 Confusing Touch          Hex            0%         N/A       99%         3
 Gell's Gravitas          Tloc           0%         N/A       99%         3
 Ignite Poison            Fire/Tmut/Pois 0%         N/A       99%         3
 Sigil of Binding         Hex            0%         N/A       99%         3
 Teleport Other           Tloc           0%         N/A       99%         3
 Vampiric Draining        Necr           0%         2d6       99%         3
 Olgreb's Toxic Radiance  Pois           0%         N/A       100%        4
 Sticky Flame             Conj/Fire      0%         2d3       100%        4
 Dispersal                Tloc           0%         N/A       100%        6
 Orb of Destruction       Conj           0%         9d5       100%        7
 Ignition                 Fire           0%         3d3       100%        8
 Summon Guardian Golem    Hex/Summ       Unusable   N/A       N/A         3
 Spellforged Servitor     Conj/Summ      Unusable   N/A       N/A         7

Dungeon Overview and Level Annotations

Branches:
Dungeon (12/15)            Temple (1/1) D:6            Lair (0/5) D:11
    Orc (0/2) D:12          Sewer (visited)

Altars:
Ashenzari
Cheibriados
Dithmenos
Elyvilon
Fedhas
Gozag
Hepliaklqana
Kikubaaqudgha
Makhleb
Nemelex Xobeh
Okawaru
Qazlal
Ru
Sif Muna
Trog
Uskayaw
Vehumet
Wu Jian
Xom
Yredelemnul
Zin
The Shining One

Shops:
D:5 *   D:8 !   D:12 [(

Annotations:
D:6 Jeremiah
D:12 Jorgrun


Innate Abilities, Weirdness & Mutations

You are completely covered in rugged brown scales. (AC +3, +7% HP)
Armour fits poorly on your strangely shaped body.
You have a long armoured tail.
You roll when moving toward enemies. (Rampage)
Your long tongue fully drains potion bottles. (2x potion effects)
Your tongue gives you trouble enunciating. (1.5x scroll delay)


Message History

You barely miss Jorgrun. Jorgrun hits you but does no damage.
You hit Jorgrun. You tail-slap Jorgrun.
Jorgrun is lightly wounded.
You barely miss Jorgrun.
Jorgrun is lightly wounded.
Jorgrun points at you and mumbles some strange words.
Roots burst forth from the earth!
The grasping roots grab you! The grasping roots constrict you!!
You bludgeon Jorgrun!!
Jorgrun is lightly wounded.
Jorgrun points at you and mumbles some strange words.
You struggle to resist.
The grasping roots constrict you.
You closely miss Jorgrun.
Jorgrun is lightly wounded.
Jorgrun points at you and mumbles some strange words.
The iron shot hits you!!! The grasping roots constrict you.
You puncture Jorgrun!
Jorgrun is moderately wounded.
Jorgrun hits you but does no damage. The grasping roots constrict you!
You puncture Jorgrun!
Jorgrun is moderately wounded.
A centaur comes into view.
You hit Jorgrun. Lightning courses through Jorgrun!
Your tail-slap misses Jorgrun.
Jorgrun is heavily wounded.
The centaur wields a +0 orcbow.
The centaur shoots an arrow.
The arrow hits you but does no damage.
Jorgrun hits you with a +0 heavy quarterstaff!!
* * * LOW HITPOINT WARNING * * *
The grasping roots constrict you.
* * * LOW HITPOINT WARNING * * *
Blink to where?
Press: ? - help, Dir - move target The roots grasp on you weakens, but your attempt to escape fails.
As you slowly read the scroll of blinking, it crumbles to dust.
The centaur shoots an arrow.
The arrow barely misses you.
The centaur shoots an arrow.
The arrow hits you but does no damage.
Jorgrun hits you with a +0 heavy quarterstaff!!
You die...

.. ..# ..# ..
#..# ..c######
###..#
........###....#
..............#
........g@.>..#
.....#####...##
....# ####..#
... ...#.....###
..
...........####
.
..............#
########......#
###....# #....#


You could see Jorgrun and a centaur.

Vanquished Creatures
  Harold (D:10)
  3 two-headed ogres
  Erica (D:8)
  2 centaur warriors (D:8)
  A boulder beetle (D:12)
  Amaemon (D:9)
  A deep elf pyromancer (D:12)
  2 manticores
  A cyclops (D:7)
  Joseph (D:8)
  An orange demon (D:9)
  3 unseen horrors
  A rime drake (D:11)
  A komodo dragon (D:8)
  4 trolls
  2 polar bears (D:11)
  Prince Ribbit (D:5)
  2 vampires
  Sigmund (D:3)
  2 shadows
  A wyvern (D:7)
  A wraith (D:12)
  11 yaks
  Grum (D:8)
  3 steam dragons
  An acid dragon (D:11)
  5 water moccasins
  2 sky beasts
  Duvessa (D:7)
  4 orc warriors
  2 black bears
  2 ice beasts (D:11)
  4 wolves
  4 centaurs
  An ogre (D:6)
  8 kobold brigands
  A gnoll sergeant (D:7)
  3 bullfrogs
  4 scorpions
  9 wights
  Dowan (D:7)
  4 howler monkeys
  A lava snake (D:7)
  2 jellies (D:6)
  2 hounds
  5 orc priests
  2 gnoll boudas
  A sleepcap (D:7)
  Jessica (D:2)
  Terence (D:3)
  2 iguanas (D:5)
  13 orc wizards
  Robin (D:2)
  5 adders
  10 gnolls
  A river rat (Sewer)
  2 shadow imps
  A white imp (D:7)
  3 worms
  3 dart slugs
  33 orcs
  11 ball pythons
  6 bats
  12 endoplasms
  A giant cockroach (D:1)
  17 goblins
  11 hobgoblins
  12 jackals
  3 quokkas
  3 frilled lizards
  33 kobolds
  10 rats
313 creatures vanquished.

Vanquished Creatures (others)
  An orc wizard (D:7)
1 creature vanquished.

Grand Total: 314 creatures vanquished

Notes
Turn   | Place    | Note
-------+----------+-------------------------------------------
     0 | D:1      | BinkBink the Armataur Fighter began the quest for the Orb.
     0 | D:1      | Reached XP level 1. HP: 19/19 MP: 1/1
   215 | D:1      | Reached skill level 2 in Maces & Flails
   246 | D:1      | Reached XP level 2. HP: 26/26 MP: 2/2
   459 | D:1      | Reached XP level 3. HP: 30/32 MP: 3/3
   987 | D:2      | Noticed Jessica
   993 | D:2      | Reached XP level 4. HP: 30/40 MP: 4/4
  1037 | D:2      | Killed Jessica
  1038 | D:2      | Reached skill level 3 in Maces & Flails
  1176 | D:2      | Noticed Robin
  1191 | D:2      | Killed Robin
  1478 | D:2      | Reached XP level 5. HP: 48/48 MP: 5/5
  1702 | D:3      | Noticed Sigmund
  1708 | D:3      | Killed Sigmund
  1709 | D:3      | Reached XP level 6. HP: 53/55 MP: 6/6
  1832 | D:3      | Noticed Terence
  1855 | D:3      | Killed Terence
  1856 | D:3      | Reached skill level 4 in Maces & Flails
  1856 | D:3      | Reached skill level 5 in Armour
  2237 | D:3      | You fall into a shaft and drop 1 floor!
  2693 | D:4      | Found a glowing drain.
  2698 | Sewer    | Entered a sewer
  2849 | Sewer    | Reached skill level 5 in Shields
  2849 | Sewer    | Reached XP level 7. HP: 58/63 MP: 7/7
  3282 | D:4      | Found an ornate altar of the Wu Jian Council.
  3286 | D:4      | Reached skill level 5 in Maces & Flails
  3692 | D:5      | Entered Level 5 of the Dungeon
  4436 | D:5      | Noticed Prince Ribbit
  4454 | D:5      | Killed Prince Ribbit
  4455 | D:5      | Reached XP level 8. HP: 35/71 MP: 8/8
  4635 | D:5      | Reached skill level 6 in Maces & Flails
  4770 | D:5      | Found Zin's Purification Station.
  4772 | D:5      | Found a glowing silver altar of Zin.
  4911 | D:6      | Reached skill level 5 in Fighting
  5019 | D:6      | Noticed Jeremiah
  5119 | D:6      | Found a staircase to the Ecumenical Temple.
  5380 | D:5      | Reached skill level 7 in Maces & Flails
  5380 | D:5      | Reached XP level 9. HP: 26/79 MP: 4/9
  6479 | D:7      | Noticed Duvessa
  6479 | D:7      | Noticed Dowan
  6486 | D:7      | Killed Duvessa
  6500 | D:7      | Killed Dowan
  6779 | D:7      | Found a radiant altar of Vehumet.
  6779 | D:7      | Found a shimmering blue altar of Sif Muna.
  6835 | Temple   | Entered the Ecumenical Temple
  6866 | Temple   | Became a worshipper of Warmaster Okawaru
  7157 | D:7      | Noticed a cyclops
  7173 | D:7      | Reached skill level 8 in Maces & Flails
  7183 | D:7      | Killed a cyclops
  7183 | D:7      | Reached * piety under Okawaru
  7487 | D:7      | Reached XP level 10. HP: 89/89 MP: 10/10
  7526 | D:7      | Found the +10 morningstar "Eos" {elec, Halo rElec}
  7761 | D:8      | Found a sparkling altar of Nemelex Xobeh.
  7762 | D:8      | Noticed Joseph
  7793 | D:8      | Found Roirchel's Distillery.
  7796 | D:8      | Bought a potion of heal wounds for 55 gold pieces
  7796 | D:8      | Bought a potion of heal wounds for 55 gold pieces
  7796 | D:8      | Bought 2 potions of heal wounds for 110 gold pieces
  7846 | D:8      | Killed Joseph
  7940 | D:8      | Reached skill level 9 in Maces & Flails
  7941 | D:8      | Reached ** piety under Okawaru
  7956 | D:8      | Noticed Grum
  7961 | D:8      | Killed Grum
  8110 | D:8      | Noticed Erica
  8118 | D:8      | Killed Erica
  8118 | D:8      | Reached *** piety under Okawaru
  8163 | D:8      | Found a hide-covered altar of Uskayaw.
  8312 | D:8      | Noticed a two-headed ogre
  8312 | D:8      | Noticed a centaur warrior
  8316 | D:8      | Noticed a centaur warrior
  8323 | D:8      | Killed a two-headed ogre
  8332 | D:8      | Killed a centaur warrior
  8332 | D:8      | Reached **** piety under Okawaru
  8333 | D:8      | Reached skill level 10 in Maces & Flails
  8342 | D:8      | Killed a centaur warrior
  8343 | D:8      | Reached XP level 11. HP: 58/98 MP: 9/11
  8643 | D:9      | Reached skill level 10 in Armour
  8681 | D:9      | Found a hazy altar of Hepliaklqana.
  9046 | D:9      | Found a sacrificial altar of Ru.
  9170 | D:9      | Noticed Amaemon
  9185 | D:9      | Killed Amaemon
  9716 | D:10     | Entered Level 10 of the Dungeon
  9718 | D:10     | Identified the +0 whip of Sulphur {distort, Fragile Fly
                  | rN+++ Int+2}
  9818 | D:10     | Reached ***** piety under Okawaru
  9913 | D:10     | Noticed Harold
  9930 | D:10     | Killed Harold
  9930 | D:10     | Received a gift from Okawaru
  9931 | D:10     | Reached skill level 11 in Maces & Flails
 10028 | D:10     | Noticed a two-headed ogre
 10034 | D:10     | Killed a two-headed ogre
 10035 | D:10     | Reached skill level 10 in Shields
 10220 | D:10     | Found an opulent altar of Gozag.
 10732 | D:11     | Noticed a two-headed ogre
 10743 | D:11     | Killed a two-headed ogre
 10772 | D:11     | Reached XP level 12. HP: 67/110 MP: 6/12
 11139 | D:11     | Found a staircase to the Lair.
 11650 | D:12     | Found Qauthr Kinong's Weapon Shop.
 11650 | D:12     | Found a staircase to the Orcish Mines.
 11650 | D:12     | Found Pozuyr's Armour Shop.
 11738 | D:12     | Noticed a boulder beetle
 11747 | D:12     | Killed a boulder beetle
 12022 | D:12     | a tyrant leech changed into an ettin
 12022 | D:12     | Noticed an ettin (shapeshifter)
 12041 | D:12     | an ettin changed into a jorogumo
 12041 | D:12     | Noticed a jorogumo (shapeshifter)
 12061 | D:12     | Reached skill level 12 in Maces & Flails
 12062 | D:12     | a jorogumo changed into something unseen
 12153 | D:12     | Noticed an eleionoma
 12161 | D:12     | Received a gift from Okawaru
 12216 | D:12     | Noticed Jorgrun
 12238 | D:12     | Slain by Jorgrun

Illustrated notes

Levels and vault maps discovered:
D:1:      dpeg_arrival_pits, layout_basic, chequers_serial_rivers_room_b
D:2:      minmay_wonky_spiral, layout_rooms, uniq_jessica, uniq_robin
D:3:      layout_loops_ring, uniq_sigmund, uniq_terence
D:4:      layout_basic, nicolae_wu_jian_wuxing_cycle, serial_glass,
          glass_columns_a, glass_columns_b, portal_sewer_entry_e
D:5:      layout_rooms, zin_purify, hex_tiny, uniq_prince_ribbit1
D:6:      layout_loops_ring, minmay_temple_entry_from_below_a, uniq_jeremiah
D:7:      minmay_octagon_keep, layout_basic, nicolae_overflow_two_pavilions,
          chequers_decorated_corner, interstate_on_off, uniq_duvessa
D:8:      minmay_chambers_of_sixes, layout_rooms,
          nemelex_xobeh_ov_fountains_minmay, mainiacjoe_overflow_24_doors,
          serial_shops, nicolae_stop_n_shop_2, uniq_grum, uniq_joseph,
          uniq_erica
D:9:      layout_basic, mainiacjoe_overflow_brackets, lemuel_tele_altar,
          uniq_amaemon
D:10:     layout_loops_ring, mainiacjoe_overflow_catwalk, uniq_harold
D:11:     layout_loops_ring, hellmonk_lair_entry_icy
D:12:     layout_layer_cave, orc_david_3, minivault_12, uniq_jorgrun
Temple:   nicolae_temple_figure_eight

Skill      XL: |  1  2  3  4  5  6  7  8  9 10 11 12 |
---------------+-------------------------------------+-----
Maces & Flails | 2 3 4 5 7 8 10 11 12 | 12.0
Armour         | 4 5 6 7 8 9 11 | 11.5
Fighting       | 3 4 5 6 7 8 |  8.9
Shields        | 4 5 6 7 9 10 | 10.7

Action                     |  1- 3 |  4- 6 |  7- 9 | 10-12 || total
---------------------------+-------+-------+-------+-------++-------
  Melee: Flail             |   105 |     8 |    67 |    22 ||   202
         Tailslap          |    10 |    20 |    36 |    53 ||   119
         Club              |       |   164 |   195 |       ||   359
         Whip              |       |       |    40 |       ||    40
         Morningstar       |       |       |       |   290 ||   290
    Use: Scroll            |       |     6 |    12 |     3 ||    21
         Potion            |       |       |     1 |       ||     1
   Stab: Distracted        |       |     2 |     2 |       ||     4
 Armour: Scale mail        |   106 |    38 |       |       ||   144
         Plate armour      |       |    25 |       |       ||    25
         Chain mail        |       |    40 |   291 |   317 ||   648
  Dodge: Dodged            |    57 |    29 |   101 |    80 ||   267
  Block: Buckler           |    28 |    20 |    59 |    78 ||   185

Table legend: (Time is in decaauts)
 A = Elapsed time spent in this place.
 B = Non-inter-level travel time spent in this place.
 C = Inter-level travel time spent in this place.
 D = Time resting spent in this place.
 E = Time spent auto-exploring this place.
 F = Levels seen in this place.
 G = Mean time per level.
                   A        B        C        D        E       F      G
               +--------+--------+--------+--------+--------+-----+--------+
         Total |  12319 |  11596 |    723 |   1306 |   8077 |  14 |  879.9 |
       Dungeon |  11889 |  11210 |    679 |   1306 |   7812 |  12 |  990.8 |
        Temple |     46 |      2 |     44 |      0 |      0 |   1 |   46.0 |
         Sewer |    382 |    382 |      0 |      0 |    265 |   1 |  382.0 |
               +--------+--------+--------+--------+--------+-----+--------+

Top non-repeatable levels by time:
     D:4: 1566 daAuts
     D:7: 1272 daAuts
     D:5: 1161 daAuts
     D:9: 1080 daAuts
    D:11: 944 daAuts
     D:6: 919 daAuts
    D:10: 884 daAuts
     D:1: 883 daAuts
     D:2: 858 daAuts
     D:8: 849 daAuts
     D:3: 783 daAuts
    D:12: 684 daAuts
   Sewer: 382 daAuts
  Temple: 46 daAuts
